AoeStats
← adjum5275

Black Forest

509552556Analyzed
3v3 RM · 6d ago on Sep 27, 2026· 70m 40s· 6 players
Game mode
Random Map
Map size
Normal (6 player)
Population
200
Speed
Normal
Resources
Standard
Victory
Conquest
Starting age
Dark Age
Ending age
Imperial Age
RankedLock teamsTeams togetherTeam positionsShared explorationLock speedFull tech treeHidden civsTurbo modeCheats
Victory
Defeat
🇺🇸 Goths · United States
733
+15
🇺🇸 Teutons · United States
733
+15
🇺🇸 Bohemians · United States
722
+16
🇷🇺 Saracens · Russia
788
-18
🇨🇳 Hindustanis · China
683
-14
🇪🇪 Vietnamese · Estonia
678
-14
adjum5275
0:26 Loom
16:02 Feudal Age
20:49 Castle Age
25:43 Town Watch
27:13 Wheelbarrow
28:30 Hand Cart
29:17 Horse Collar
33:18 Imperial Age
33:30 Forging
33:20 Scale Mail Armor
32:48 Man-at-Arms
33:32 Town Patrol
33:39 Caravan
33:33 Double-Bit Axe
33:29 Long Swordsman
34:12 Squires
33:58 Pikeman
34:35 Two-Handed Swordsman
36:22 Heavy Plow
37:09 Iron Casting
36:49 Chain Mail Armor
37:17 Chain Mail Armor
37:08 Stone Mining
37:09 Gold Mining
37:34 Bow Saw
37:52 Elite Skirmisher
39:39 Blast Furnace
38:43 Fletching
38:55 Padded Archer Armor
41:10 Bodkin Arrow
41:58 Crop Rotation
41:01 Halberdier
41:43 Anarchy
41:44 Perfusion
42:06 Conscription
44:56 Champion
51:28 Elite Huskarl
70:05 Spies/Treason
BeachPortal
0:44 Loom
14:31 Feudal Age
16:21 Town Watch
16:57 Horse Collar
17:32 Double-Bit Axe
23:45 Castle Age
21:46 Man-at-Arms
24:04 Fletching
28:37 Wheelbarrow
29:04 Long Swordsman
30:12 Padded Archer Armor
31:40 Pikeman
32:00 Crossbowman
35:04 Murder Holes
36:10 Chemistry
39:02 Imperial Age
39:06 Elite Skirmisher
40:09 Town Patrol
40:50 Halberdier
44:34 Elite Hussite Wagon
45:29 Arbalester
48:02 Onager
51:56 Forging
51:47 Scale Mail Armor
51:43 Bodkin Arrow
51:54 Scale Barding Armor
52:19 Caravan
55:23 Cavalier
57:21 Two-Handed Swordsman
59:22 Champion
64:39 Iron Casting
64:04 Bracer
64:25 Chain Barding Armor
eliw
0:36 Loom
14:56 Feudal Age
16:57 Wheelbarrow
20:20 Double-Bit Axe
21:06 Gold Mining
24:13 Castle Age
25:15 Hand Cart
26:18 Horse Collar
26:53 Bow Saw
28:40 Fortified Wall
32:45 Imperial Age
34:04 Heavy Plow
35:10 Two-Man Saw
34:29 Forging
34:09 Fletching
35:50 Ballistics
36:30 Chemistry
36:48 Iron Casting
36:19 Scale Barding Armor
36:39 Caravan
36:59 Bloodlines
36:10 Cavalier
38:17 Crop Rotation
44:35 Chain Barding Armor
45:16 Blast Furnace
44:11 Bodkin Arrow
44:20 Paladin
46:31 Arson
46:47 Squires
46:08 Pikeman
49:04 Plate Barding Armor
48:04 Halberdier
49:33 Conscription
51:24 Scale Mail Armor
Hercule Poirot II
0:29 Loom
16:24 Feudal Age
17:28 Town Watch
17:59 Gold Mining
18:47 Horse Collar
18:56 Double-Bit Axe
22:24 Fishing Lines
27:12 Castle Age
26:08 Stone Mining
27:55 Heavy Plow
28:16 Bow Saw
28:46 Stone Shaft Mining
29:58 Gillnets
31:21 Wheelbarrow
31:33 Caravan
33:14 Light Cavalry
34:05 Bloodlines
33:55 Husbandry
34:13 Hand Cart
37:11 Imperial Age
36:06 Town Patrol
36:56 Fortified Wall
36:31 Pikeman
37:12 Squires
40:17 Two-Man Saw
39:50 Crop Rotation
39:48 Paper Money
39:31 Murder Holes
40:39 Chemistry
39:31 Capped Ram
40:23 Chatras
41:21 Masonry
41:32 Cavalier
41:37 Halberdier
42:03 Arson
41:39 Man-at-Arms
44:55 Hoardings
43:52 Sappers
45:20 Onager
45:28 Long Swordsman
46:05 Treadmill Crane
45:50 Crossbowman
47:31 Ballistics
47:24 Long Swordsman
48:25 Medium Warships
Smart_ass
13:14 Feudal Age
13:45 Double-Bit Axe
13:43 Horse Collar
18:33 Stone Mining
18:33 Gold Mining
20:57 Padded Archer Armor
20:47 Fletching
23:46 Castle Age
24:45 Padded Archer Armor
24:36 Fletching
25:02 Bloodlines
24:59 Scale Barding Armor
25:06 Forging
26:59 Scale Mail Armor
31:32 Leather Archer Armor
31:12 Bodkin Arrow
31:28 Husbandry
33:04 Thumb Ring
35:41 Wheelbarrow
41:10 Imperial Age
38:58 Hand Cart
39:29 Chain Barding Armor
39:44 Iron Casting
40:05 Iron Casting
40:05 Bow Saw
40:00 Heavy Plow
41:54 Heavy Camel Rider
46:57 Gold Shaft Mining
47:28 Plate Barding Armor
51:14 Blast Furnace
50:56 Light Cavalry
51:55 Hussar
52:26 Heavy Cavalry Archer
53:33 Parthian Tactics
54:36 Caravan
55:21 Ring Archer Armor
814593575
0:30 Loom
13:33 Feudal Age
14:21 Horse Collar
14:29 Double-Bit Axe
21:28 Castle Age
21:54 Stone Mining
21:57 Gold Mining
22:24 Bow Saw
22:46 Heavy Plow
24:22 Gold Shaft Mining
25:02 Stone Shaft Mining
29:16 Wheelbarrow
32:56 Imperial Age
31:45 Forging
31:41 Scale Barding Armor
31:27 Fletching
31:38 Padded Archer Armor
33:01 Hand Cart
33:27 Iron Casting
32:56 Husbandry
33:07 Bloodlines
34:11 Chain Barding Armor
33:47 Bodkin Arrow
33:15 Heavy Camel Rider
34:19 Caravan
34:52 Leather Archer Armor
34:45 Thumb Ring
35:43 Chemistry
35:03 Ballistics
35:33 Town Watch
36:40 Conscription
36:21 Shatagni
37:32 Two-Man Saw
38:15 Blast Furnace
38:14 Town Patrol
38:37 Ballistics
39:06 Plate Barding Armor
38:26 Imperial Camel Rider
39:49 Bracer
41:16 Ring Archer Armor
40:47 Murder Holes
42:41 Siege Engineers
44:57 Herbal Medicine
46:03 Grand Trunk Road
46:15 Scale Mail Armor
45:48 Siege Elephant
63:59 Hoardings
Connection lost

Rejoining the realm…

Still unreachable

The connection could not be restored.

Session expired

The server has moved on; the page needs a fresh start.